AoeStats
← Herby

Hideout

509684828Analyzed
1v1 RM · 4d ago on Sep 27, 2026· 18m 21s· 2 players
Game mode
Random Map
Map size
Tiny (2 player)
Population
200
Speed
Normal
Resources
Standard
Victory
Conquest
Starting age
Dark Age
Ending age
Imperial Age
RankedLock teamsTeams togetherTeam positionsShared explorationLock speedFull tech treeHidden civsTurbo modeCheats
Victory
Defeat
🇬🇷 Burgundians · Greece
1297
+18
🇲🇽 Khmer · Mexico
1337
-18
Bakis
5:31 Double-Bit Axe
7:00 Loom
9:49 Feudal Age
9:55 Horse Collar
15:26 Castle Age
14:02 Bow Saw
14:36 Gold Mining
15:30 Heavy Plow
Herby
9:49 Feudal Age
10:11 Loom
13:16 Castle Age
13:59 Double-Bit Axe
14:08 Gold Mining
15:46 Bow Saw
Connection lost

Rejoining the realm…

Still unreachable

The connection could not be restored.

Session expired

The server has moved on; the page needs a fresh start.